 Dungeon Crawl Stone Soup version 0.26-a0-835-g8259106e14 (webtiles) character file.

Game seed: 16330868462017245554

3516 2tc the Carver (level 9, 0/61 HPs)
             Began as a Demonspawn Gladiator on Nov 17, 2020.
             Was a Believer of Kikubaaqudgha.
             Succumbed to a hornet's poison
             ... while paralysed by a hornet
             ... on level 9 of the Dungeon.
             The game lasted 00:30:20 (10513 turns).

2tc the Carver (Demonspawn Gladiator)              Turns: 10513, Time: 00:30:20

Health: 0/61       AC:  4    Str: 16    XL:     9   Next: 81%
Magic:  2/18       EV:  2    Int: 12    God:    Kikubaaqudgha [**....]
Gold:   679        SH:  0    Dex: 14    Spells: 5/8 levels left

rFire    . . .     SeeInvis .   n - +3 dagger (venom)
rCold    + . .     Faith    .   (no shield)
rNeg     . . .     Spirit   +   b - +0 leather armour
rPois    .         Reflect  .   (helmet restricted)
rElec    .         Harm     .   (no cloak)
rCorr    .         Rampage  .   (no gloves)
MR       .....                  v - +0 pair of boots
Stlth    +.........             (no amulet)
HPRegen  0.20/turn              p - ring of magical power
MPRegen  0.32/turn              r - +4 ring of slaying

@: paralysed, lethally poisoned (0 -> -26), slowed
A: antennae 1, large bone plates 1, cold resistance 1, magic shield, magic
regeneration
a: Receive Corpses, Renounce Religion


You were on level 9 of the Dungeon.
You worshipped Kikubaaqudgha.
Kikubaaqudgha was pleased with you.
You visited 2 branches of the dungeon, and saw 10 of its levels.

You collected 679 gold pieces.

Inventory:

Hand Weapons
 a - a +0 long sword
 n - a +3 dagger of venom (weapon)
 q - a +2 whip of electrocution
 A - the +6 falchion of Teaplil {protect, rF++}
   (You found it on level 6 of the Dungeon)

   It grants its wielder temporary protection when it strikes (+7 to AC).
   It greatly protects you from fire.
Missiles
 d - 2 throwing nets
 j - 458 stones (quivered)
Armour
 b - a +0 leather armour (worn)
 c - a +1 helmet
 v - a +0 pair of boots (worn)
Jewellery
 f - an uncursed ring of positive energy
 p - a ring of magical power (left hand)
 r - a +4 ring of slaying (right hand)
 D - an uncursed ring of poison resistance
 E - an uncursed ring of wizardry
Wands
 m - a wand of iceblast (11)
 t - a wand of paralysis (6)
 u - a wand of random effects (10)
 y - a wand of flame (43)
 F - a wand of acid (5)
Scrolls
 e - a scroll of enchant armour
 i - a scroll of magic mapping
 k - 6 scrolls of teleportation
 o - a scroll of identify
 w - 4 scrolls of remove curse
 B - a scroll of amnesia
Potions
 g - 4 potions of haste
 h - a potion of attraction
 l - a potion of berserk rage
 x - a potion of flight
 z - a potion of cancellation
 C - a potion of lignification


   Skills:
 - Level 2.0 Fighting
 * Level 12.2 Long Blades
 - Level 1.7 Throwing
 - Level 2.6 Dodging
 + Level 4.9 Necromancy


You had 5 spell levels left.
You knew the following spells:

 Your Spells              Type           Power        Failure   Level
a - Vampiric Draining     Necr           ##........   16%         3

Your spell library contained the following spells:

 Spells                   Type           Power        Failure   Level
 Pain                     Necr           ##..         5%          1
 Sublimation of Blood     Necr           ##........   9%          2
 Corpse Rot               Necr/Air       N/A          22%         2
 Shock                    Conj/Air       #...         38%         1
 Swiftness                Air            #.......     52%         2
 Static Discharge         Conj/Air       #.......     77%         3
 Airstrike                Air            #.........   99%         4
 Lightning Bolt           Conj/Air       #.........   100%        5


Dungeon Overview and Level Annotations

Branches:
Dungeon (9/15)             Temple (1/1) D:4            Lair (0/6) D:8
    Orc: D:9-12

Altars:
Ashenzari
Cheibriados
Dithmenos
Elyvilon
Fedhas
Gozag
Hepliaklqana
Kikubaaqudgha
Makhleb
Nemelex Xobeh
Okawaru
Qazlal
Ru
Sif Muna
Trog
Uskayaw
Vehumet
Wu Jian
Xom
Yredelemnul
Zin
The Shining One

Shops:
D:4 }   D:6 }

Annotations:
D:6 2 transporters, SyRaX's ghost, novice MiBe


Innate Abilities, Weirdness & Mutations

You have a pair of small antennae on your head.
You are partially covered in large bone plates. (SH +4)
Your flesh is cold resistant. (rC+)
When hurt, damage is shared between your health and your magic reserves.
You regenerate magic rapidly.


Message History

The hornet barely misses you.
You hit the hornet.
The hornet looks as sick as possible!
The hornet is moderately wounded.
The hornet barely misses you. The hornet stings you!
You are poisoned.
You suddenly lose the ability to move!
You feel sick. The hornet stings you.
You are more poisoned.
You shrug off the repeated paralysis!
A warg comes into view.
You feel sick.
The warg howls!
The hornet stings you!
* * * LOW HITPOINT WARNING * * *
You are more poisoned.
You shrug off the repeated paralysis!
The hornet stings you!
* * * LOW HITPOINT WARNING * * *
You feel as though you will be slow longer.
You die...
Kikubaaqudgha rasps: "You have failed me!
Welcome... death!"

............#
........[.......#
!...............# #
...............# ..
..............# ....
#............#
......##............#
....................#
....!...h.)..y@.....#
.o.......##..########.#
.........##..# #.#
.(...........# #.#
.............## #.#
.......##)....# #)#
.......##.....#######.#
#....)........)..))#
..##..................#


You could see a hornet (extremely poisoned) and a warg.

Vanquished Creatures
  Duvessa (D:7)
  2 orc warriors (D:8)
  3 black bears
  A phantom (D:6)
  2 ogres (D:4)
  3 centaurs
  Blork the orc (D:6)
  2 bullfrogs (D:8)
  7 big kobolds
  A wyvern zombie (D:6)
  Dowan (D:7)
  2 scorpions
  5 killer bees (D:8)
  3 wights (D:8)
  A howler monkey (D:4)
  A bullfrog zombie (D:8)
  A quasit (D:7)
  2 hounds
  2 orc priests
  2 centaur skeletons (D:4)
  4 bullfrog skeletons
  9 orc wizards
  An iguana (D:6)
  Ijyb (D:4)
  5 worker ants
  A hound zombie (D:7)
  A hound skeleton (D:9)
  11 adders
  3 gnolls (D:3)
  A howler monkey skeleton (D:5)
  A shadow imp (D:3)
  2 white imps (D:7)
  An ufetubus (D:7)
  An ooze (D:2)
  An adder zombie (D:9)
  2 adder skeletons
  The ghost of glosham the Sneak, a weakling FoDe (D:5)
  3 dart slugs
  4 leopard geckos
  24 orcs
  6 bats
  5 giant cockroaches
  6 goblins
  13 hobgoblins
  2 jackals (D:7)
  2 quokkas
  2 ball pythons
  4 frilled lizards
  A jackal zombie (D:8)
  53 kobolds
  11 rats
225 creatures vanquished.

Vanquished Creatures (others)
  An orc warrior (D:6)
  6 fungi (D:8)
  4 plants (D:8)
11 creatures vanquished.

Grand Total: 236 creatures vanquished

Notes
Turn   | Place    | Note
-------+----------+-------------------------------------------
     0 | D:1      | 2tc the Demonspawn Gladiator began the quest for the Orb.
     0 | D:1      | Reached XP level 1. HP: 16/16 MP: 1/1
   139 | D:1      | Reached skill level 3 in Long Blades
   266 | D:1      | Gained mutation: When hurt, damage is shared between your
                  | health and your magic reserves. [demonic ancestry]
   266 | D:1      | Reached XP level 2. HP: 14/22 MP: 2/2
  1280 | D:2      | Reached XP level 3. HP: 27/27 MP: 3/3
  1320 | D:2      | Reached skill level 4 in Long Blades
  1800 | D:2      | Reached XP level 4. HP: 24/33 MP: 2/4
  1927 | D:2      | Found a bloodstained altar of Trog.
  1998 | D:2      | Reached skill level 5 in Long Blades
  2232 | D:2      | HP: 1/33 [poisoned by an adder]
  2573 | D:3      | Gained mutation: Your flesh is cold resistant. (rC+)
                  | [demonic ancestry]
  2573 | D:3      | Reached XP level 5. HP: 29/38 MP: 5/5
  2696 | D:3      | Noticed a centaur
  2968 | D:3      | Killed a centaur
  3182 | D:3      | Reached skill level 6 in Long Blades
  3582 | D:3      | Gained mutation: You are partially covered in large bone
                  | plates. (SH +4) [demonic ancestry]
  3582 | D:3      | Reached XP level 6. HP: 30/44 MP: 4/6
  4171 | D:3      | Reached skill level 7 in Long Blades
  4202 | D:2      | Gained mutation: You regenerate magic rapidly. [demonic
                  | ancestry]
  4202 | D:2      | Reached XP level 7. HP: 22/50 MP: 7/7
  4550 | D:3      | Reached skill level 8 in Long Blades
  5412 | D:4      | Found a staircase to the Ecumenical Temple.
  5423 | Temple   | Entered the Ecumenical Temple
  5453 | Temple   | Became a worshipper of Kikubaaqudgha
  5737 | D:4      | Found Ralintol's Gadget Emporium.
  5832 | D:4      | Reached skill level 9 in Long Blades
  5832 | D:4      | Reached XP level 8. HP: 52/56 MP: 8/8
  5880 | D:4      | Noticed Ijyb
  5888 | D:4      | Paralysed by Ijyb for 3 turns
  5894 | D:4      | Killed Ijyb
  6139 | D:4      | Found a shadowy altar of Dithmenos.
  6365 | D:5      | Entered Level 5 of the Dungeon
  6514 | D:5      | Found a broken altar of Ashenzari.
  6531 | D:5      | Found a radiant altar of Vehumet.
  6565 | D:5      | Found a runed translucent door.
  6565 | D:5      | Noticed glosham's ghost (weakling FoDe)
  6572 | D:5      | Killed glosham's ghost
  6930 | D:5      | Found an opulent altar of Gozag.
  7080 | D:6      | Found a transporter.
  7080 | D:6      | Noticed a jumping spider
  7093 | D:6      | Reached skill level 10 in Long Blades
  7243 | D:6      | Noticed SyRaX's ghost (novice MiBe)
  7253 | D:6      | Noticed a cyclops
  7253 | D:6      | a jumping spider changed into a cyclops
  7328 | D:6      | Found a snail-covered altar of Cheibriados.
  7555 | D:6      | Found Ekohaumn's Gadget Shop.
  7556 | D:6      | Noticed Blork the orc
  7563 | D:6      | Killed Blork the orc
  7804 | D:6      | Got a crystal falchion
  7805 | D:6      | Identified the +6 falchion of Teaplil {protect, rF++} (You
                  | found it on level 6 of the Dungeon)
  7816 | D:6      | Found a transporter.
  8090 | D:7      | Reached * piety under Kikubaaqudgha
  8090 | D:7      | Identified Kikubaaqudgha's Papyrus of Black Rituals
                  | (Kikubaaqudgha gifted it to you on level 7 of the Dungeon)
  8090 | D:7      | Received a gift from Kikubaaqudgha
  8098 | D:7      | Learned a level 3 spell: Vampiric Draining
  8361 | D:7      | Reached skill level 1 in Necromancy
  8496 | D:7      | Gained mutation: You have a pair of small antennae on your
                  | head. [demonic ancestry]
  8496 | D:7      | Reached XP level 9. HP: 61/61 MP: 9/9
  8672 | D:7      | Found a sparkling altar of Nemelex Xobeh.
  8686 | D:7      | Noticed Duvessa
  8696 | D:7      | Killed Duvessa
  8697 | D:7      | Reached skill level 11 in Long Blades
  8712 | D:7      | Noticed Dowan
  8719 | D:7      | Killed Dowan
  8891 | D:7      | Found a sacrificial altar of Ru.
  9358 | D:8      | Reached ** piety under Kikubaaqudgha
 10006 | D:8      | Reached skill level 12 in Long Blades
 10163 | D:8      | Found a staircase to the Lair.
 10510 | D:9      | Paralysed by a hornet for 3 turns
 10512 | D:9      | HP: 2/61 [hornet (9)]
 10513 | D:9      | Succumbed to a hornet's poison

Illustrated notes

Levels and vault maps discovered:
D:1:      erik_arrival_cave_to_civilisation [erik_arrival_cave_to_hall],
          layout_basic, roderic_roman_lattice
D:2:      layout_basic, overflow_temple_1_default
D:3:      minmay_goblin_kobold_castle, layout_rooms, minmay_joined_circles
D:4:      layout_gridville, old_standard_altar, minmay_temple_entry_tees,
          serial_shops, kennysheep_mini_moat, uniq_ijyb
D:5:      layout_rooms, vehumet_altar_wand_db, lemuel_doored_altar,
          marbit_many_paths, ebering_ghost_reflecting_pool
D:6:      layout_basic, old_standard_altar, serial_shops, shop,
          gammafunk_ghost_arena, uniq_blork_the_orc
D:7:      layout_cave_pods, kennysheep_little_box, nemelex_lonely_heart_becter,
          uniq_duvessa
D:8:      layout_rooms, grunt_lair_entry_orc_guard_hut, dk_noncrumbling_3
D:9:      layout_long_grid, erik_orc_4, blue_anna_alchemist
          [blue_anna_fruit_fields, blue_anna_fruit_fields]
Temple:   minmay_freezing_vapour_temple

Skill      XL: |  1  2  3  4  5  6  7  8  9 |
---------------+----------------------------+-----
Long Blades    | 3 4 5 6 7 9 10 12 | 12.2
Necromancy     | 1 4 |  4.9
Fighting       | |  2.0
Throwing       | |  1.7
Dodging        | |  2.6

Action                   |  1- 3 |  4- 6 |  7- 9 || total
-------------------------+-------+-------+-------++-------
Melee: Long sword        |   101 |   108 |       ||   209
       Dagger            |       |   111 |   232 ||   343
       Whip              |       |       |    23 ||    23
       Falchion          |       |       |   180 ||   180
Throw: Throwing net      |     1 |       |       ||     1
       Stone             |     2 |     2 |    12 ||    16
Evoke: Wand              |       |       |     1 ||     1
  Use: Scroll            |     5 |     1 |    18 ||    24
       Potion            |       |     3 |     7 ||    10
 Stab: Held in net/web   |     1 |       |       ||     1
       Sleeping          |       |     2 |     2 ||     4
       Invisible         |       |     1 |     3 ||     4
Armor: Leather armour    |    24 |    53 |    91 ||   168
Dodge: Dodged            |    64 |   132 |   162 ||   358
Block: Other             |       |    17 |    45 ||    62
       Rpst.: Long sword |    18 |    32 |       ||    50
       Falchion          |       |       |    13 ||    13

Table legend: (Time is in decaauts)
 A = Elapsed time spent in this place.
 B = Non-inter-level travel time spent in this place.
 C = Inter-level travel time spent in this place.
 D = Time resting spent in this place.
 E = Time spent auto-exploring this place.
 F = Levels seen in this place.
 G = Mean time per level.
                   A        B        C        D        E       F      G
               +--------+--------+--------+--------+--------+-----+--------+
         Total |  10394 |  10165 |    229 |   3593 |   4816 |  10 | 1039.4 |
       Dungeon |  10359 |  10130 |    229 |   3593 |   4816 |   9 | 1151.0 |
        Temple |     35 |     35 |      0 |      0 |      0 |   1 |   35.0 |
               +--------+--------+--------+--------+--------+-----+--------+

Top non-repeatable levels by time:
     D:3: 1971 daAuts
     D:2: 1910 daAuts
     D:7: 1295 daAuts
     D:4: 1220 daAuts
     D:1: 1213 daAuts
     D:8: 953 daAuts
     D:6: 893 daAuts
     D:5: 598 daAuts
     D:9: 301 daAuts
  Temple: 35 daAuts
